 Dungeon Crawl Stone Soup version 0.17-a0-18-gc25b939 (webtiles) character file.

29 Grim the Sneak (level 3, 0/16 HPs)
             Began as a Spriggan Enchanter on Mar 7, 2015.
             Slain by an adder (2 damage)
             ... on level 3 of the Dungeon.
             The game lasted 00:05:31 (1500 turns).

Grim the Sneak (Spriggan Enchanter)                 Turns: 1500, Time: 00:05:31

Health: 0/16       AC:  3    Str:  4    XL:     3   Next: 1%
Magic:  8/9        EV: 18    Int: 20    God:
Gold:   69         SH:  0    Dex: 16    Spells: 1 memorised, 6 levels left

rFire  . . .     SeeInvis +     a - +1 dagger
rCold  . . .     Clarity  .     b - +1 robe
rNeg   . . .     SustAb   .     (shield restricted)
rPois  .         Gourm    .     (helmet restricted)
rElec  .         Spirit   .     (no cloak)
rCorr  .         Warding  .     (gloves unavailable)
rMut   .         Stasis   .     (boots unavailable)
MR     .....                    (no amulet)
Stlth  +++.......               (no ring)
                                m - +3 ring of intelligence

@: lethally poisoned (0 -> -4), very quick, not resistant to hostile
enchantments, fairly stealthy
A: unfitting armour, see invisible, herbivore 3, speed 3, slow metabolism 2
a: no special abilities


You were on level 3 of the Dungeon.
You were not hungry.

You visited 1 branch of the dungeon, and saw 3 of its levels.

You collected 69 gold pieces.

Inventory:

Hand weapons
 a - a +1 dagger (weapon)
 o - a cursed -2 rapier
Armour
 b - a +1 robe (worn)
Jewellery
 m - a +3 ring of intelligence (left hand)
Scrolls
 e - a scroll of remove curse
 i - a scroll of identify {unknown}
 j - a scroll of fear {unknown}
 l - 2 scrolls of enchant weapon {unknown}
Potions
 f - 2 potions of curing {unknown}
 h - a potion of might {unknown}
 k - a potion of brilliance {unknown}
 n - a potion of haste {unknown}
 p - a potion of agility {unknown}
Books
 c - a book of Maledictions

   Spells                             Type                      Level
   a - Corona                         Hexes                        1
   b - Sure Blade                     Hexes/Charms                 2
   c - Ensorcelled Hibernation        Hexes/Ice                    2
   d - Confuse                        Hexes                        3
   e - Dazzling Spray                 Conjuration/Hexes            3
   f - Enslavement                    Hexes                        4
Comestibles
 d - 3 bread rations
 g - a slice of pizza


   Skills:
 - Level 3.0 Short Blades
 + Level 3.1 Dodging
 + Level 4.4 Stealth
 - Level 2.6 Spellcasting
 * Level 3.8 Hexes


You had 6 spell levels left.
You knew the following spells:

 Your Spells              Type           Power        Failure   Level  Hunger
a - Corona                Hex            ###....      2%          1    None


Dungeon Overview and Level Annotations

Branches:
Dungeon (3/15)

Altars:
Fedhas

Annotations:
D:3 Robin


Innate Abilities, Weirdness & Mutations

You are tiny and cannot use many weapons and most armour.
You have supernaturally acute eyesight.
You are a herbivore.
You cover ground extremely quickly.
You need consume almost no food.


Message History

You hit the adder.
The adder is lightly wounded.
The adder barely misses you.
You hit the adder.
The adder is moderately wounded.
The adder bites you.
* * * LOW HITPOINT WARNING * * *
You are lethally poisoned!
The adder poisons you!
You closely miss the adder.
The adder is moderately wounded.
* * * LOW HITPOINT WARNING * * *
You feel sick. The adder barely misses you.
You hit the adder but do no damage.
The adder is moderately wounded.
The adder closely misses you.
You hit the adder.
The adder is heavily wounded.
The adder bites you.
You die...

#...........# #.....#
#...........# #######
#...........#
##.......##.#
#.####...#.# ...
#.#.#.##################
..
#.#.)..................#
.
#.##...................#
#(...>.@S..r............
#####(.........#########
#..........#
#..........#
#..........#
############


You could see an adder and a rat.

Vanquished Creatures
  A giant mite (D:3)
  3 hobgoblins
  4 jackals (D:3)
  A bat (D:1)
  A giant gecko (D:1)
  2 giant newts (D:1)
  6 goblins
  A kobold (D:1)
  5 rats
24 creatures vanquished.

Notes
Turn   | Place    | Note
--------------------------------------------------------------
     0 | D:1      | Grim, the Spriggan Enchanter, began the quest for the Orb.
     0 | D:1      | Reached XP level 1. HP: 9/9 MP: 4/4
   201 | D:1      | Found a blossoming altar of Fedhas.
   467 | D:1      | Reached XP level 2. HP: 13/13 MP: 3/7
  1118 | D:2      | You fall through a shaft!
  1249 | D:3      | Noticed Robin
  1452 | D:3      | Reached XP level 3. HP: 12/16 MP: 7/9
  1500 | D:3      | Slain by an adder

Action                   || total
-------------------------++-------
Melee: Dagger            ||    84
 Cast: Corona            ||    21
  Use: Scroll            ||     1
 Stab: Sleeping          ||     3
       Distracted        ||     1
